 Dungeon Crawl Stone Soup version 0.30.1-11-g7821555f0a (webtiles) character file.

Game seed: 10762320309965592456

2 ChrisAssaf the Sneak (level 1, 0/9 HPs)
             Began as a Vine Stalker Enchanter on Nov 10, 2023.
             Slain by a jackal (3 damage)
             ... on level 1 of the Dungeon.
             The game lasted 00:00:21 (51 turns).

ChrisAssaf the Sneak (Vine Stalker Enchanter)         Turns: 51, Time: 00:00:22

Health: 0/9        AC:  2    Str: 10    XL:     1   Next: 40%
Magic:  0/4        EV: 12    Int: 15    God:
Gold:   18         SH:  0    Dex: 14    Spells: 4/4 levels left

rFire   . . .        a - +1 dagger
rCold   . . .        (no shield)
rNeg    . . .        b - +0 robe
rPois   .            (no helmet)
rElec   .            (no cloak)
rCorr   .            (no gloves)
SInv    .            (no boots)
Will    .....        (no amulet)
Stlth   ++           (no ring)
HPRegen 0.21/turn    (no ring)
MPRegen 0.09/turn

%: guardian spirit
@: no status effects
A: fangs 2, magic shield, antimagic bite, no potion heal 2
a: no special abilities


You were on level 1 of the Dungeon.
You visited 1 branch of the dungeon, and saw 1 of its levels.

You collected 18 gold pieces.

Inventory:

Hand Weapons
 a - a +1 dagger (weapon)
Armour
 b - a +0 robe (worn)
Potions
 c - 2 potions of invisibility
 d - a potion of haste {unknown}


   Skills:
 * Level 0.8 Short Blades
 * Level 1.5 Dodging
 * Level 3.7 Stealth
 * Level 2.2 Spellcasting
 * Level 3.0 Hexes


You had 4 spell levels left.
You didn't know any spells.
Your spell library contained the following spells:

 Spells                   Type           Power      Damage    Failure   Level
 Ensorcelled Hibernation  Hex/Ice        12%        N/A       17%         2
 Confusing Touch          Hex            10%        N/A       19%         3
 Tukima's Dance           Hex            10%        N/A       19%         3
 Dazzling Flash           Conj/Hex       12%        N/A       34%         3


Dungeon Overview and Level Annotations

Branches:
Dungeon (1/15)

Altars:


Innate Abilities, Weirdness & Mutations

You have extremely sharp teeth.
When hurt, damage is shared between your health and your magic reserves.
Your bite disrupts and absorbs the magic of your enemies.
Potions cannot restore your health.


Message History

You hit the jackal.
The jackal is heavily wounded.
The jackal bites you. x2
You hit the jackal.
You kill the jackal!
The jackal bites you but does no damage.
An endoplasm comes into view.
The jackal barely misses you. x2
The jackal attacks as you move away! The jackal misses you.
The jackal barely misses you. The jackal closely misses you.
The jackal attacks as you move away!
The jackal bites you but does no damage.
You hit the jackal.
The jackal is moderately wounded.
The jackal bites you.
You hit the jackal. Your bite misses the jackal.
The jackal is severely wounded.
The jackal closely misses you. x2
The jackal barely misses you. The jackal misses you. The jackal bites you.
The jackal attacks as you move away! The jackal misses you.
The jackal closely misses you. The jackal attacks as you move away!
The jackal closely misses you. The jackal misses you.
The jackal closely misses you. The jackal attacks as you move away!
The jackal bites you. The jackal barely misses you.
The jackal attacks as you move away! The jackal closely misses you.
The jackal bites you.
You hit the jackal.
The jackal is heavily wounded.
The jackal barely misses you. The jackal misses you.
You hit the jackal but do no damage. Your bite misses the jackal.
The jackal is heavily wounded.
The jackal barely misses you.
You hit the jackal.
The jackal is severely wounded.
The jackal bites you.
You hit the jackal but do no damage. Your bite misses the jackal.
The jackal is severely wounded.
The jackal bites you.
You die...

[#.##g.#.......## #
##.##..P...P.# .
#..##........#
#..###.###....<...#
#.......J.#........####
..........##.P...P.....
##........###.....####.
#........#####........
#.......Jghh@....#####
#........#########
#........# #........#
........# #########


You could see an endoplasm, 2 jackals and a goblin.

Vanquished Creatures
  2 jackals (D:1)
2 creatures vanquished.

Notes
Turn   | Place    | Note
-------+----------+-------------------------------------------
     0 | D:1      | ChrisAssaf the Vine Stalker Enchanter began the quest for
                  | the Orb.
     0 | D:1      | Reached XP level 1. HP: 9/9 MP: 4/4
    51 | D:1      | Slain by a jackal

Illustrated notes

Levels and vault maps discovered:
D:1:      dpeg_arrival_orchard, layout_rooms,
          shapermc_ecumenical_altar_starsandcircs

Action                     || total
---------------------------++-------
  Melee: Dagger            ||    10
         Bite              ||     1
 Armour: Robe              ||     2
  Dodge: Dodged            ||    19
